 Dungeon Crawl Stone Soup version 0.26-a0-651-gb41185065b (webtiles) character file.

Game seed: 13097619612821126215

14 Lanoc the Ducker (level 2, -2/21 HPs)
             Began as a Halfling Monk on Oct 20, 2020.
             Slain by a hobgoblin
             ... wielding a +0 club
              (5 damage)
             ... on level 3 of the Dungeon.
             The game lasted 00:00:52 (388 turns).

Lanoc the Ducker (Halfling Monk)                     Turns: 388, Time: 00:00:52

Health: -2/21      AC:  2    Str: 12    XL:     2   Next: 55%
Magic:  2/2        EV: 16    Int:  8    God:
Gold:   142        SH:  0    Dex: 16    Spells: 1/1 levels left

rFire    . . .     SeeInvis .   a - +0 short sword
rCold    . . .     Faith    .   (shield restricted)
rNeg     . . .     Spirit   .   b - +0 robe
rPois    .         Reflect  .   (no helmet)
rElec    .         Harm     .   (no cloak)
rCorr    .         Rampage  .   (no gloves)
MR       .....                  (no boots)
Stlth    ++........             (no amulet)
HPRegen  0.07/turn              (no ring)
MPRegen  0.08/turn              (no ring)

@: no status effects
A: small, mutation resistance 1
a: no special abilities


You were on level 3 of the Dungeon.
You visited 1 branch of the dungeon, and saw 3 of its levels.

You collected 142 gold pieces.

Inventory:

Hand Weapons
 a - a +0 short sword (weapon)
Missiles
 d - 19 sling bullets
Armour
 b - a +0 robe (worn)
Scrolls
 e - 2 scrolls of remove curse {unknown}
 f - a scroll of identify {unknown}
Potions
 c - 2 potions of degeneration {unknown}


   Skills:
 + Level 3.0 Fighting
 - Level 3.6 Short Blades
 + Level 3.7 Dodging
 - Level 2.1 Stealth


You had one spell level left.
You didn't know any spells.
Your spell library was empty.

Dungeon Overview and Level Annotations

Branches:
Dungeon (3/15)

Altars:


Innate Abilities, Weirdness & Mutations

You are small and have problems with some larger weapons.
You are somewhat resistant to further mutation.


Message History

The hobgoblin is moderately wounded.
The hobgoblin hits you with a +0 club.
You barely miss the hobgoblin.
The hobgoblin is moderately wounded.
You completely miss the hobgoblin.
The hobgoblin is moderately wounded.
The hobgoblin hits you with a +0 club.
You are too injured to fight recklessly!
You are too injured to fight recklessly!
You hit the hobgoblin.
The hobgoblin is heavily wounded.
The hobgoblin closely misses you.
You hit the hobgoblin but do no damage.
The hobgoblin is heavily wounded.
The hobgoblin hits you with a +0 club.
* * * LOW HITPOINT WARNING * * *
You closely miss the hobgoblin.
The hobgoblin is heavily wounded.
The hobgoblin hits you with a +0 club.
You die...

... #.... ...
#... .... #...
.... #..
#..###.###
##........
#....g..# ♣.@<#
.≈≈.≈.≈..#
..≈♣≈......
≈.≈.≈........
≈≈≈..♣.≈......$
≈...≈.≈≈.....##
≈≈≈.≈♣≈......#
≈#♣.....>...##


You could see a hobgoblin.

Vanquished Creatures
  An adder skeleton (D:2)
  A dart slug (D:2)
  2 bats (D:2)
  A frilled lizard (D:1)
  A goblin (D:2)
  A kobold (D:1)
  4 rats
  A toadstool (D:1)
12 creatures vanquished.

Vanquished Creatures (others)
  3 fungi (D:1)
3 creatures vanquished.

Grand Total: 15 creatures vanquished

Notes
Turn   | Place    | Note
-------+----------+-------------------------------------------
     0 | D:1      | Lanoc the Halfling Monk began the quest for the Orb.
     0 | D:1      | Reached XP level 1. HP: 15/15 MP: 1/1
   173 | D:2      | Reached XP level 2. HP: 21/21 MP: 2/2
   388 | D:3      | Slain by a hobgoblin

Illustrated notes

Levels and vault maps discovered:
D:1:      minmay_arrival_floating_metal, layout_basic, minmay_gold_behind_fungi,
          st_stairs_5
D:2:      layout_basic, chequers_ecumenical_altar_simple_redux,
          kennysheep_big_empty_room
D:3:      layout_basic, lemuel_doored_altar, dancing_weapons_uskayaw,
          minmay_overflow_temple_hex, chequers_serial_rivers_marsh

Skill      XL: |  1 |
---------------+----+-----
Fighting       | 3 |  3.0
Short Blades   | |  3.6
Dodging        | |  3.7
Stealth        | |  2.1

Action                   || total
-------------------------++-------
Melee: Short sword       ||    53
 Stab: Sleeping          ||     2
Armor: Robe              ||     7
Dodge: Dodged            ||    43

Table legend: (Time is in decaauts)
 A = Elapsed time spent in this place.
 B = Non-inter-level travel time spent in this place.
 C = Inter-level travel time spent in this place.
 D = Time resting spent in this place.
 E = Time spent auto-exploring this place.
 F = Levels seen in this place.
 G = Mean time per level.
                   A        B        C        D        E       F      G
               +--------+--------+--------+--------+--------+-----+--------+
         Total |    383 |    352 |     31 |      0 |    210 |   3 |  127.7 |
       Dungeon |    383 |    352 |     31 |      0 |    210 |   3 |  127.7 |
               +--------+--------+--------+--------+--------+-----+--------+

Top non-repeatable levels by time:
     D:2: 271 daAuts
     D:1: 101 daAuts
     D:3: 10 daAuts
